 Dungeon Crawl Stone Soup version 0.27-a0-1139-g28e009f8a6 (webtiles) character file.

Game seed: 1294891680821966280

42 ZorkoN the Sneak (level 3, -10/30 HPs)
             Began as a Draconian Brigand on May 6, 2021.
             Mangled by an iguana (11 damage)
             ... on level 2 of the Dungeon on May 7, 2021.
             The game lasted 00:34:45 (2259 turns).

ZorkoN the Sneak (Draconian Brigand)                Turns: 2259, Time: 00:34:46

Health: -10/30     AC:  7    Str: 14    XL:     3   Next: 33%
Magic:  3/3        EV: 11    Int: 11    God:
Gold:   77         SH:  0    Dex: 12    Spells: 2/2 levels left

rFire    . . .     SeeInvis .   a - +2 dagger
rCold    . . .     Faith    .   (no shield)
rNeg     . . .     Spirit   .   (armour unavailable)
rPois    .         Reflect  .   (helmet restricted)
rElec    .         Harm     .   b - +1 cloak
rCorr    .         Rampage  .   (no gloves)
Will     .....                  (no boots)
Stlth    ++........             (no amulet)
HPRegen  0.10/turn              (no ring)
MPRegen  0.08/turn              (no ring)

@: no status effects
A: AC +5, unfitting armour, cold-blooded
a: no special abilities


You were on level 2 of the Dungeon.
You visited 1 branch of the dungeon, and saw 2 of its levels.

You collected 77 gold pieces.

Inventory:

Hand Weapons
 a - a +2 dagger (weapon)
 f - a +0 mace
 h - a +0 club
 i - a +0 club
 k - a +1 antimagic dagger
 l - a +0 dagger
 m - a +0 club
 n - a +0 dagger
Missiles
 c - 7 poisoned darts (quivered)
 d - 2 curare-tipped darts
Armour
 b - a +1 cloak (worn)
 e - a +0 ring mail
 g - a +0 pair of gloves
 j - a +0 cloak


   Skills:
 + Level 2.7 Fighting
 + Level 2.5 Short Blades
 + Level 1.9 Throwing
 + Level 1.1 Dodging
 + Level 4.1 Stealth


You had 2 spell levels left.
You didn't know any spells.
Your spell library was empty.

Dungeon Overview and Level Annotations

Branches:
Dungeon (2/15)

Altars:


Innate Abilities, Weirdness & Mutations

Your plain brown scales are hard. (AC +5)
You cannot fit into any form of body armour.
You are cold-blooded and may be slowed by cold attacks.


Message History

You tail-slap the iguana, but do no damage.
The iguana is moderately wounded.
The iguana misses you.
A jackal comes into view.
The jackal barks!
A bat comes into view.
The bat moves out of view.
You see here 12 gold pieces.
You now have 77 gold pieces (gained 12).
The jackal bites you. The iguana misses you. The jackal barely misses you.
A jackal comes into view.
What are your orders? t - Shout!
Orders for allies: a - Attack new target. r - Retreat! s - Stop attacking. g - Guard the area. f - Follow me.
Anything else - Cancel.
Okay, then.
Unknown command.
What are your orders? t - Shout!
Orders for allies: a - Attack new target. r - Retreat! s - Stop attacking. g - Guard the area. f - Follow me.
Anything else - Cancel.
Gang up on whom?
Press: ? - help, Dir - move target, f - jackal
Aim: a jackal Attack!
The jackal bites you.
* * * LOW HITPOINT WARNING * * *
The iguana closely misses you.
The jackal barks!
You hit the jackal.
The jackal is severely wounded.
The jackal completely misses you. The iguana bites you!
* * * LOW HITPOINT WARNING * * *
You hit the jackal.
You kill the jackal!
The iguana bites you!
You die...

...## #.# ..... #.#
......#.# ....h.#.###
..........# ..##.#.#.#
.. #..#.# .. ##.l.#
#.#.@..# ###########
####.#...###.........#
..............#######.#
####..##..###########.##
..... #..# ...........
##.. ...... .#######.##
#..###...... #... ..
.......# ###. ##.
#.......# .


You could see an iguana and a jackal.

Vanquished Creatures
  A gnoll (D:1)
  A dart slug (D:1)
  4 bats
  3 endoplasms (D:1)
  A giant cockroach (D:2)
  5 goblins
  3 hobgoblins
  A jackal (D:2)
  2 quokkas
  3 ball pythons
  2 frilled lizards
  A kobold (D:1)
  3 rats (D:1)
30 creatures vanquished.

Notes
Turn   | Place    | Note
-------+----------+-------------------------------------------
     0 | D:1      | ZorkoN the Draconian Brigand began the quest for the Orb.
     0 | D:1      | Reached XP level 1. HP: 17/17 MP: 1/1
    61 | D:1      | Reached XP level 2. HP: 15/25 MP: 2/2
    65 | D:1      | HP: 1/25 [gnoll/+0 club (5)]
    72 | D:1      | Noticed a troll
   843 | D:1      | Reached skill level 1 in Dodging
   850 | D:1      | Reached skill level 4 in Stealth
   989 | D:1      | Reached XP level 3. HP: 30/30 MP: 3/3
  2258 | D:2      | HP: 1/30 [iguana (8)]
  2259 | D:2      | Mangled by an iguana

Illustrated notes

Levels and vault maps discovered:
D:1:      erik_arrival_cave_to_civilisation [erik_arrival_cave_to_temple],
          layout_loops_ring
D:2:      layout_loops_ring, shapermc_ecumenical_altar_venn, serial_shops,
          nicolae_shop_temple_entry_statues_fountains, solitary_fountain,
          kennysheep_small_spiral

Skill      XL: |  1  2 |
---------------+-------+-----
Dodging        | 1 |  1.1
Stealth        | 4 |  4.1
Fighting       | |  2.7
Short Blades   | |  2.5
Throwing       | |  1.9

Action                   || total
-------------------------++-------
Melee: Dagger            ||    79
       Tailslap          ||     5
Throw: Dart              ||    10
  Use: Scroll            ||     4
       Potion            ||     2
 Stab: Sleeping          ||     7
Armor: Skin              ||    18
Dodge: Dodged            ||    38

Table legend: (Time is in decaauts)
 A = Elapsed time spent in this place.
 B = Non-inter-level travel time spent in this place.
 C = Inter-level travel time spent in this place.
 D = Time resting spent in this place.
 E = Time spent auto-exploring this place.
 F = Levels seen in this place.
 G = Mean time per level.
                   A        B        C        D        E       F      G
               +--------+--------+--------+--------+--------+-----+--------+
         Total |   2249 |    528 |   1721 |      0 |      0 |   2 | 1124.5 |
       Dungeon |   2249 |    528 |   1721 |      0 |      0 |   2 | 1124.5 |
               +--------+--------+--------+--------+--------+-----+--------+

Top non-repeatable levels by time:
     D:1: 2090 daAuts
     D:2: 159 daAuts
